PAA
TACOMA FUR TRADERS @ MERCER ISLAND SCREAMING EAGLES
09/14/2026
 
TOP OF THE 1ST
Tacoma Fur Traders batting - Pitching for Mercer Island Screaming Eagles : RHP Raúl Pérez
Pitching: RHP Raúl Pérez
Batting: RHB Andy Moore 0-0: Ball
1-0: Fly out, F8 (Flyball, 8RS)
Batting: RHB Luis Flores 0-0: Ball
1-0: Ball
2-0: Foul Ball, location: 2F
2-1: Called Strike
2-2: Strikes out looking
Batting: SHB Enrique Costello 0-0: Ball
1-0: Ball
2-0: Ball
3-0: Called Strike
3-1: Base on Balls
Batting: RHB Xavier Pérez 0-0: Ball
1-0: Fly out, F9 (Flyball, 9LM)
Top of the 1st over - 0 run(s), 0 hit(s), 0 error(s), 1 left on base; Tacoma 0 - Mercer Island 0
BOTTOM OF THE 1ST
Mercer Island Screaming Eagles batting - Pitching for Tacoma Fur Traders : RHP Xavier Benítez
Pitching: RHP Xavier Benítez
Batting: RHB Steve Irwin 0-0: Ball
1-0: Ball
2-0: Foul Ball, location: 2F
2-1: Ball
3-1: Fly out, F6 (Line Drive, 6)
Batting: RHB Robert Paulsen 0-0: Ball
1-0: Swinging Strike
1-1: Ball
2-1: Ball
3-1: Base on Balls
Batting: SHB Stephen Dowell 0-0: Ball
Wild Pitch!
Robert Paulsen to second
1-0: Swinging Strike
1-1: Ball
2-1: Ball
Robert Paulsen steals 3rd base
3-1: Fly out, F8 (Flyball, 8LM)
Runner from 3rd tags up, SCORES, no throw
Batting: RHB Leonardo Ramírez 0-0: Ball
1-0: DOUBLE (Flyball, 78XD)
Batting: RHB Marcos Reyes 0-0: Swinging Strike
0-1: Foul Ball, location: 2F
0-2: Ball
1-2: Hit by Pitch
Batting: RHB Luis Jiménez 0-0: Ball
1-0: Called Strike
1-1: Ball
Passed Ball!
Leonardo Ramírez to third
Marcos Reyes to second
2-1: Ball
3-1: Ground out 6-3 (Groundball, 6)
Bottom of the 1st over - 1 run(s), 1 hit(s), 0 error(s), 2 left on base; Tacoma 0 - Mercer Island 1
TOP OF THE 2ND
Tacoma Fur Traders batting - Pitching for Mercer Island Screaming Eagles : RHP Raúl Pérez
Batting: LHB Felipe Trujillo 0-0: Ball
1-0: Called Strike
1-1: Called Strike
1-2: Foul Ball, location: 2F
1-2: Strikes out swinging
Batting: LHB Michael Whorton 0-0: Ball
1-0: Swinging Strike
1-1: Called Strike
1-2: Foul Ball, location: 2F
1-2: SINGLE (Groundball, 56S) (infield hit)
Batting: RHB Tim Lehman 0-0: Ball
Wild Pitch!
Michael Whorton to second
1-0: Swinging Strike
1-1: Ball
2-1: Called Strike
2-2: Foul Ball, location: 2F
2-2: Ball
3-2: Ground out 5-3 (Groundball, 5L)
Batting: SHB Carlos Alicea 0-0: Ball
1-0: Foul Ball, location: 2F
1-1: Called Strike
1-2: Fly out, F7 (Flyball, 7LS)
Top of the 2nd over - 0 run(s), 1 hit(s), 0 error(s), 1 left on base; Tacoma 0 - Mercer Island 1
BOTTOM OF THE 2ND
Mercer Island Screaming Eagles batting - Pitching for Tacoma Fur Traders : RHP Xavier Benítez
Batting: RHB Wade Killefer 0-0: Ball
1-0: Ball
2-0: Ball
3-0: Base on Balls
Batting: LHB Mike Russell 0-0: Ball
1-0: Called Strike
1-1: Ground out 3-1 (Groundball, 34S)
Wade Killefer to second
Batting: RHB Ron Gérard 0-0: Ball
1-0: Ball
2-0: Called Strike
2-1: Swinging Strike
2-2: Strikes out swinging
Batting: RHB Steve Irwin 0-0: Called Strike
0-1: Ball
1-1: Fly out, F7 (Flyball, 7LMF)
Bottom of the 2nd over - 0 run(s), 0 hit(s), 0 error(s), 1 left on base; Tacoma 0 - Mercer Island 1
TOP OF THE 3RD
Tacoma Fur Traders batting - Pitching for Mercer Island Screaming Eagles : RHP Raúl Pérez
Batting: RHB Britt Lynch 0-0: Ball
1-0: Ball
2-0: Called Strike
2-1: Ground out 6-3 (Groundball, 6)
Batting: RHB Andy Moore 0-0: Bunt missed!
0-1: Called Strike
0-2: Ball
1-2: Ground out 4-3 (Groundball, 4)
Batting: RHB Luis Flores 0-0: Ball
1-0: Ball
2-0: Ball
3-0: Base on Balls
Batting: SHB Enrique Costello 0-0: Fly out, F3 (Popup, 3L)
Top of the 3rd over - 0 run(s), 0 hit(s), 0 error(s), 1 left on base; Tacoma 0 - Mercer Island 1
BOTTOM OF THE 3RD
Mercer Island Screaming Eagles batting - Pitching for Tacoma Fur Traders : RHP Xavier Benítez
Batting: RHB Robert Paulsen 0-0: SINGLE (Line Drive, 8RS)
Batting: SHB Stephen Dowell 0-0: Ball
1-0: Foul Ball, location: 2F
1-1: Ball
2-1: Ball
3-1: Foul Ball, location: 2F
3-2: SINGLE (Line Drive, 8LS)
Robert Paulsen to second
Runner from 2nd tries for 3rd, SAFE, no throw
Batting: RHB Leonardo Ramírez 0-0: Fly out, F9 (Flyball, 9)
Runner from 3rd tags up, SCORES, no throw
Batting: RHB Marcos Reyes 0-0: Ball
1-0: Swinging Strike
1-1: Ball
2-1: Ground out 5-3 (Groundball, 5S)
Stephen Dowell to second
Batting: RHB Luis Jiménez 0-0: Ball
Passed Ball!
Stephen Dowell to third
1-0: Called Strike
1-1: Foul Ball, location: 2F
1-2: Ball
2-2: Ball
3-2: SINGLE (Line Drive, 7S)
Stephen Dowell scores
Batting: RHB Wade Killefer 0-0: Ball
1-0: Called Strike
1-1: Ball
2-1: Called Strike
2-2: Ground out 5-3 (Groundball, 56)
Bottom of the 3rd over - 2 run(s), 3 hit(s), 0 error(s), 1 left on base; Tacoma 0 - Mercer Island 3
TOP OF THE 4TH
Tacoma Fur Traders batting - Pitching for Mercer Island Screaming Eagles : RHP Raúl Pérez
Batting: RHB Xavier Pérez 0-0: Ball
1-0: Ball
2-0: Ball
3-0: Base on Balls
Batting: LHB Felipe Trujillo 0-0: Swinging Strike
0-1: Foul Ball, location: 2F
0-2: Ball
1-2: Ball
2-2: Strikes out looking
Batting: LHB Michael Whorton 0-0: Ball
1-0: Foul Ball, location: 2F
1-1: Foul Ball, location: 2F
1-2: Ground out U3 (Groundball, 3S)
Xavier Pérez to second
Batting: RHB Tim Lehman 0-0: Swinging Strike
0-1: Foul Ball, location: 2F
0-2: Ball
1-2: Strikes out swinging
Top of the 4th over - 0 run(s), 0 hit(s), 0 error(s), 1 left on base; Tacoma 0 - Mercer Island 3
BOTTOM OF THE 4TH
Mercer Island Screaming Eagles batting - Pitching for Tacoma Fur Traders : RHP Xavier Benítez
Batting: LHB Mike Russell 0-0: SINGLE (Groundball, 34D)
Batting: RHB Ron Gérard 0-0: Ball
1-0: Foul Ball, location: 2F
1-1: Fly out, F9 (Line Drive, 9)
Batting: RHB Steve Irwin 0-0: Called Strike
0-1: Ball
1-1: Grounds into double play, 6-4-3 (Groundball, 6)
Bottom of the 4th over - 0 run(s), 1 hit(s), 0 error(s), 0 left on base; Tacoma 0 - Mercer Island 3
TOP OF THE 5TH
Tacoma Fur Traders batting - Pitching for Mercer Island Screaming Eagles : RHP Raúl Pérez
Batting: SHB Carlos Alicea 0-0: Ball
1-0: Swinging Strike
1-1: Ball
2-1: Foul Ball, location: 2F
2-2: Strikes out swinging
Batting: RHB Britt Lynch 0-0: Called Strike
0-1: Ball
1-1: Foul Ball, location: 2F
1-2: Ball
2-2: Foul Ball, location: 2F
2-2: Single, Error in OF, E9, batter to second base
Batting: RHB Andy Moore 0-0: Ball
1-0: Foul Ball, location: 2F
1-1: Swinging Strike
1-2: Foul Ball, location: 2F
1-2: SINGLE (Line Drive, 9S)
Britt Lynch to third
Batting: RHB Luis Flores 0-0: Ball
Andy Moore is caught stealing 2nd base
1-0: Ball
Wild Pitch!
Britt Lynch scores
2-0: Called Strike
2-1: Called Strike
2-2: Ball
3-2: Fly out, F8 (Flyball, 78S)
Top of the 5th over - 1 run(s), 2 hit(s), 1 error(s), 0 left on base; Tacoma 1 - Mercer Island 3
BOTTOM OF THE 5TH
Mercer Island Screaming Eagles batting - Pitching for Tacoma Fur Traders : RHP Xavier Benítez
Batting: RHB Robert Paulsen 0-0: Called Strike
0-1: Ball
1-1: Foul Ball, location: 2F
1-2: Foul Ball, location: 2F
1-2: Ball
2-2: Strikes out looking
Batting: SHB Stephen Dowell 0-0: Called Strike
0-1: Foul Ball, location: 2F
0-2: Ball
1-2: Strikes out looking
Batting: RHB Leonardo Ramírez 0-0: Ball
1-0: Ball
2-0: Called Strike
2-1: Ball
3-1: Base on Balls
Batting: RHB Marcos Reyes 0-0: Ball
1-0: Swinging Strike
1-1: Ball
2-1: Ball
3-1: Called Strike
3-2: Ground out 5-3 (Groundball, 56S)
Bottom of the 5th over - 0 run(s), 0 hit(s), 0 error(s), 1 left on base; Tacoma 1 - Mercer Island 3
TOP OF THE 6TH
Tacoma Fur Traders batting - Pitching for Mercer Island Screaming Eagles : RHP Raúl Pérez
Batting: SHB Enrique Costello 0-0: Fly out, F2 (Popup, 3S)
Batting: RHB Xavier Pérez 0-0: Ball
1-0: Ground out 6-3 (Groundball, 6)
Batting: LHB Felipe Trujillo 0-0: Foul Ball, location: 2F
0-1: DOUBLE (Line Drive, 9LD)
Batting: LHB Michael Whorton 0-0: Ball
1-0: Foul Ball, location: 2F
1-1: Ball
2-1: Called Strike
2-2: Ball
3-2: SINGLE (Groundball, 34D)
Felipe Trujillo to third
Felipe Trujillo scores
Batting: RHB Tim Lehman 0-0: Ball
Michael Whorton steals 2nd base
1-0: Fly out, F8 (Flyball, 8RM)
Top of the 6th over - 1 run(s), 2 hit(s), 0 error(s), 1 left on base; Tacoma 2 - Mercer Island 3
BOTTOM OF THE 6TH
Mercer Island Screaming Eagles batting - Pitching for Tacoma Fur Traders : RHP Xavier Benítez
Batting: RHB Luis Jiménez 0-0: Ground out 6-3 (Groundball, 6)
Batting: RHB Wade Killefer 0-0: Ground out 6-3 (Groundball, 6)
Batting: LHB Mike Russell 0-0: Ball
1-0: Ground out U3 (Groundball, 3S)
Bottom of the 6th over - 0 run(s), 0 hit(s), 0 error(s), 0 left on base; Tacoma 2 - Mercer Island 3
TOP OF THE 7TH
Tacoma Fur Traders batting - Pitching for Mercer Island Screaming Eagles : RHP Raúl Pérez
Batting: SHB Carlos Alicea 0-0: Ball
1-0: Ball
2-0: Called Strike
2-1: Ball
3-1: Called Strike
3-2: Foul Ball, location: 2F
3-2: Base on Balls
Batting: RHB Britt Lynch 0-0: Ball
1-0: Sac Bunt - play at first, batter OUT! 1-3
Carlos Alicea to second
Batting: RHB Andy Moore 0-0: Ground out 5-3 (Groundball, 56S)
Carlos Alicea to third
Batting: RHB Luis Flores 0-0: Foul Ball, location: 2F
0-1: Foul Ball, location: 2F
0-2: Strikes out swinging
Top of the 7th over - 0 run(s), 0 hit(s), 0 error(s), 1 left on base; Tacoma 2 - Mercer Island 3
BOTTOM OF THE 7TH
Mercer Island Screaming Eagles batting - Pitching for Tacoma Fur Traders : RHP Xavier Benítez
Batting: RHB Ron Gérard 0-0: Called Strike
0-1: Ball
1-1: Ball
2-1: SINGLE (Line Drive, 4D)
Pitching: RHP Jeff Pearce
Pinch Runner at 1st Gerjan de Best:
Batting: RHB Steve Irwin 0-0: Called Strike
0-1: Ball
1-1: Ball
2-1: Ball
3-1: Foul Ball, location: 2F
3-2: Foul Ball, location: 2F
3-2: Foul Ball, location: 2F
3-2: Base on Balls
Gerjan de Best to second
Batting: RHB Robert Paulsen 0-0: Called Strike
Gerjan de Best steals 3rd base
Steve Irwin to second
0-1: Swinging Strike
0-2: Ball
1-2: Fly out, F7 (Line Drive, 78M)
Runner from 3rd tags up, SCORES, no throw
Batting: SHB Stephen Dowell 0-0: Intentional Walk
Batting: RHB Leonardo Ramírez 0-0: Ball
1-0: Ball
2-0: Ball
3-0: Base on Balls
Steve Irwin to third
Stephen Dowell to second
Batting: RHB Marcos Reyes 0-0: Grounds into fielders choice 5-2 (Groundball, 5)
Stephen Dowell to third
Leonardo Ramírez to second
Pinch Hitting: LHB Nelson Plasenia 0-0: Foul Ball, location: 2F
0-1: Swinging Strike
0-2: Foul Ball, location: 2F
0-2: Strikes out swinging
Bottom of the 7th over - 1 run(s), 1 hit(s), 0 error(s), 3 left on base; Tacoma 2 - Mercer Island 4
TOP OF THE 8TH
Tacoma Fur Traders batting - Pitching for Mercer Island Screaming Eagles : RHP Raúl Pérez
Now at 3B: Nelson Plasenia
Now at SS: Gerjan de Best
Batting: SHB Enrique Costello 0-0: Called Strike
0-1: Foul Ball, location: 2F
0-2: Ball
1-2: Strikes out swinging
Pitching: LHP Fernando Torrez
Batting: RHB Xavier Pérez 0-0: Ball
1-0: Foul Ball, location: 2F
1-1: Ground out 6-3 (Groundball, 6)
Batting: LHB Felipe Trujillo 0-0: Ball
1-0: Ball
2-0: Foul Ball, location: 2F
2-1: Swinging Strike
2-2: Foul Ball, location: 2F
2-2: Strikes out swinging
Top of the 8th over - 0 run(s), 0 hit(s), 0 error(s), 0 left on base; Tacoma 2 - Mercer Island 4
BOTTOM OF THE 8TH
Mercer Island Screaming Eagles batting - Pitching for Tacoma Fur Traders : RHP Jeff Pearce
Batting: RHB Wade Killefer 0-0: Called Strike
0-1: Ball
1-1: Swinging Strike
1-2: Foul Ball, location: 2F
1-2: Ball
2-2: Ball
3-2: Base on Balls
Batting: LHB Mike Russell 0-0: Bunt missed!
0-1: Bunted foul
0-2: Foul Ball, location: 2F
0-2: Fielders Choice at 2nd, 1-4 (Groundball, 15S)
Batting: RHB Gerjan de Best 0-0: Called Strike
0-1: Ball
1-1: Ball
Throwing error on steal attempt, E2
Mike Russell to third
2-1: SINGLE (Groundball, 56D)
Mike Russell scores
Batting: RHB Steve Irwin 0-0: Foul Ball, location: 2F
0-1: Ball
1-1: Ball
2-1: Ball
3-1: Fly out, F7 (Line Drive, 7)
Batting: RHB Robert Paulsen 0-0: Called Strike
Gerjan de Best steals 2nd base
0-1: Called Strike
0-2: Ball
1-2: Ground out 6-3 (Groundball, 6M)
Bottom of the 8th over - 1 run(s), 1 hit(s), 1 error(s), 1 left on base; Tacoma 2 - Mercer Island 5
TOP OF THE 9TH
Tacoma Fur Traders batting - Pitching for Mercer Island Screaming Eagles : LHP Fernando Torrez
Pitching: RHP Ricardo Gómez
Batting: LHB Michael Whorton 0-0: Foul Ball, location: 2F
0-1: Foul Ball, location: 2F
0-2: SINGLE (Groundball, 6D)
Batting: RHB Tim Lehman 0-0: Called Strike
0-1: Grounds into double play, 4-6-3 (Groundball, 4)
Batting: SHB Carlos Alicea 0-0: Ground out 3-1 (Groundball, 34)
Top of the 9th over - 0 run(s), 1 hit(s), 0 error(s), 0 left on base; Tacoma 2 - Mercer Island 5
Monday, March 20th, 2017 - OOTP Baseball 17.12 Build 75